 Dungeon Sprint DCSS version 0.23-b1-70-gd12f7cf (webtiles) character file.

Game seed: 11929784779523457801

2823 poirepourri the Severer (level 9, -2/99 (100) HPs)
             Began as a Deep Dwarf Fighter on Feb 6, 2019.
             Was a Believer of Makhleb.
             Killed from afar by a death drake (7 damage)
             ... with a foul vapour
             ... in the Dungeon (Sprint II: "The Violet Keep of Menkaure").
             The game lasted 00:05:39 (629 turns).

poirepourri the Severer (Deep Dwarf Fighter)         Turns: 629, Time: 00:05:40

HP:   -2/99 (100)   AC: 17    Str: 20    XL:     9   Next: 45%
MP:   7/7           EV:  4    Int:  9    God:    Makhleb [**....]
Gold: 226           SH: 12    Dex: 15    Spells: 8/8 levels left

rFire    + . .     SeeInvis .   v - +1 hand axe (drain)
rCold    . . .     Gourm    .   c - +0 shield
rNeg     . . .     Faith    .   d - +1 plate armour of Uskayaw's Pride {*Contam rPois rF+}
rPois    +         Spirit   .   (no helmet)
rElec    .         Reflect  .   (no cloak)
rCorr    .         Harm     .   (no gloves)
MR       +....     NoTele   +   (no boots)
Stlth    ..........             w - amulet of inaccuracy (curse)
HPRegen  0.00/turn              m - +2 ring of protection
MPRegen  0.10/turn              C - +3 ring of protection

@: lethally poisoned (-2 -> -36), non-regenerating, badly diseased, slowed, very
slow
A: damage resistance, heal wounds, sense surroundings 2, no regeneration
a: Heal Wounds, Minor Destruction, Renounce Religion


You were in the Dungeon.
You worshipped Makhleb.
Makhleb was pleased with you.
You were not hungry.

You visited 1 branch You collected 1174 gold pieces.
You spent 948 gold pieces at shops.

Inventory:

Hand Weapons
 a - a +0 war axe
 v - a +1 hand axe of draining (weapon)
Missiles
 l - 23 bolts
 y - a throwing net (quivered)
Armour
 b - a +0 scale mail
 c - a +0 shield (worn)
 d - the +1 plate armour of Uskayaw's Pride (worn) {*Contam rPois rF+}
   (You bought it in a shop in the Dungeon)

   It protects you from fire.
   It protects you from poison.
   It causes magical contamination when unequipped.
Jewellery
 m - a +2 ring of protection (left hand)
 s - an uncursed amulet of magic regeneration
 w - a cursed amulet of inaccuracy (around neck)
 C - a +3 ring of protection (right hand)
 E - an uncursed amulet of the gourmand {unknown}
Scrolls
 k - 3 scrolls of blinking
Potions
 h - 2 potions of haste
 i - 5 potions of magic
 j - a potion of berserk rage
 n - 3 potions of might
 p - a potion of mutation {unknown}
 q - a potion of degeneration {unknown}
 r - a potion of brilliance {unknown}
 x - 3 potions of resistance
 A - 3 potions of agility
 D - 3 potions of flight
 F - a potion of invisibility {unknown}
Comestibles
 f - 6 rations


   Skills:
 - Level 12.7 Fighting
 - Level 16.0 Axes
 - Level 3.2 Armour
 + Level 9.0 Shields


You had 8 spell levels left.
You didn't know any spells.
Your spell library was empty.

Dungeon Overview and Level Annotations

Branches:
Dungeon (1/1)

Altars:
Cheibriados
Dithmenos
Elyvilon
Fedhas
Gozag
Hepliaklqana
Kikubaaqudgha
Makhleb
Nemelex Xobeh
Okawaru
Qazlal
Ru
Sif Muna
Trog
Uskayaw
Vehumet
Wu Jian
Xom
Yredelemnul
Zin
The Shining One
Beogh
Jiyva
Lugonu

Shops:
D (=:%[(%?}:!%=[[!

Annotations:
D exclusion: oklob plant


Innate Abilities, Weirdness & Mutations

You are resistant to damage.
You can heal yourself by infusing magical energy.
You passively map the area around you.
You do not regenerate.


Message History

* * * LOW HITPOINT WARNING * * *
x2 You feel extremely sick.
The death drake bites you but does no damage.
The death drake barely misses you. You block the death drake's attack.
The death drake bites you.
You miss the death drake.
The death drake is severely wounded.
You hit the death drake but do no damage.
You drain the death drake.
You kill the death drake!
Makhleb accepts your kill.
Your Shields skill gained 4 levels and is now at level 9!
You feel less wooden.
The +1 plate armour of Uskayaw's Pride {*Contam rPois rF+} unmelds from your body.
* * * LOW HITPOINT WARNING * * *
You feel very sick. The death drake breathes miasma at you.
The foul vapour engulfs you!
You feel your flesh rotting away!
You die...

+++*****,...*,##)"▓▓▓▓▓▓▓▓▓▓▓*+**
,,,,*,,+,,.^*,k#}○▓.([.(...▓▓,,,*
#*,,*,,***#.*,k#)=▓........▓▓,⌠,*
.##.####,,+.##k#=|▓(.[.[...▓▓,,,*
#.#,...#,,*.^.####▓.).(.[.[▓▓,,,*
.####..##**#.k##.#▓...)...(▓▓,,,*
###.##..#,,+..#..#▓.((((.(.▓▓,,,*
##...#..#,,#^.#.k#▓......(.▓▓,⌠,*
.÷##.'..####..##@#▓...()...▓▓,,,*
##...#....###...##▓▓▓▓▓▓▓'▓▓▓▓+▓*
###.##......≈≈≈≈°≈≈≈≈≈≈≈≈...Xw≈▓,
.####≈≈§§...≈#)########'###.w≈≈▓,
..#≈≈≈≈≈≈§..≈#..._._._#§§§##≈≈≈▓,
.##≈≈≈§≈§§≈.≈#_._._._.#§§§§####▓*
##≈≈≈≈≈§≈§§≈≈#._._._._#§§§≈≈#*,,*
≈≈≈≈≈≈≈≈§§§§§#_._._._.#§§≈≈§≈#,,*
+++#§§≈§≈≈≈≈≈#._._._..#≈≈§§§≈+,,+


You could see a death drake.

Vanquished Creatures
  A death drake (D)
  A merfolk siren (D)
  A yaktaur (D)
  A hornet (D)
  3 polar bears (D)
  2 hippogriffs (D)
  Menkaure (D)
  4 necrophages (D)
  3 crocodiles (D)
  A hell rat (D)
  3 worms (D)
21 creatures vanquished.

Vanquished Creatures (others)
  2 swamp drakes (D)
  A crocodile (D)
  24 tentacles (D)
27 creatures vanquished.

Grand Total: 48 creatures vanquished

Notes
Turn   | Place    | Note
-------+----------+-------------------------------------------
     0 | D        | poirepourri the Deep Dwarf Fighter began the quest for the
                  | Orb.
     0 | D        | Reached XP level 1. HP: 20/20 MP: 1/1
     1 | D        | Noticed a necrophage
     1 | D        | Noticed a necrophage
     1 | D        | Noticed a necrophage
     1 | D        | Noticed a necrophage
     9 | D        | Killed a crocodile
    14 | D        | Noticed Menkaure
    17 | D        | Killed a necrophage
    17 | D        | Reached skill level 9 in Axes
    17 | D        | Reached XP level 2. HP: 14/22 MP: 2/2
    17 | D        | Reached XP level 3. HP: 18/28 MP: 3/3
    17 | D        | Reached XP level 4. HP: 23/35 MP: 4/4
    25 | D        | Killed a necrophage
    25 | D        | Reached skill level 11 in Axes
    25 | D        | Reached XP level 5. HP: 22/45 MP: 5/5
    26 | D        | Killed a necrophage
    26 | D        | Reached skill level 13 in Axes
    30 | D        | Killed a necrophage
    30 | D        | Reached skill level 14 in Axes
    30 | D        | Reached XP level 6. HP: 15/54 MP: 6/6
    33 | D        | Killed Menkaure
    85 | D        | Noticed a hippogriff
    85 | D        | Noticed a hippogriff
    94 | D        | Killed a hippogriff
    94 | D        | Reached skill level 16 in Axes
    94 | D        | Reached XP level 7. HP: 56/61 MP: 7/7
    98 | D        | Killed a hippogriff
   112 | D        | Noticed a merfolk siren
   119 | D        | Killed a merfolk siren
   119 | D        | Reached XP level 8. HP: 70/82 MP: 8/8
   124 | D        | Noticed an orange crystal statue
   135 | D        | Found Sam Qycu's Food Emporium.
   135 | D        | Found Ecleh's Antique Armour Emporium.
   135 | D        | Found Bikhlycla's Gadget Shoppe.
   135 | D        | Found Potel's Distillery.
   135 | D        | Found Aleu's Distillery.
   135 | D        | Found Xeneuh Nogoa's Jewellery Shoppe.
   135 | D        | Found Xicikhis's Antique Armour Shoppe.
   136 | D        | Found Zysk's Book Emporium.
   136 | D        | Found Efaa's Magic Scroll Shoppe.
   137 | D        | Found Atadyne's Food Shoppe.
   137 | D        | Found Haguaqif's Antique Weapon Emporium.
   137 | D        | Noticed a hippogriff
   139 | D        | Found Sujamicomil's Antique Armour Emporium.
   139 | D        | Found Ikkador's Food Shoppe.
   139 | D        | Noticed a hippogriff
   139 | D        | Noticed a hippogriff
   139 | D        | Noticed an oklob plant
   140 | D        | Found Huolie Ciova's Jewellery Shoppe.
   140 | D        | Found Durouli's Book Shoppe.
   140 | D        | Found Wineh's Antique Weapon Emporium.
   160 | D        | Bought a diamond-encrusted plate armour for 644 gold pieces
   164 | D        | Noticed a shining eye
   173 | D        | Noticed a shining eye
   186 | D        | Bought a potion of heal wounds for 55 gold pieces
   186 | D        | Bought a potion of curing for 33 gold pieces
   192 | D        | Bought a potion of lignification for 42 gold pieces
   202 | D        | Bought a +2 ring of protection for 130 gold pieces
   212 | D        | Identified the +1 plate armour of Uskayaw's Pride {*Contam
                  | rPois rF+} (You bought it in a shop in the Dungeon)
   220 | D        | Bought a potion of might for 44 gold pieces
   263 | D        | Found a glowing golden altar of the Shining One.
   263 | D        | Found an ornate altar of the Wu Jian Council.
   263 | D        | Found a stormy altar of Qazlal.
   264 | D        | Found a shimmering altar of Xom.
   264 | D        | Found a sacrificial altar of Ru.
   265 | D        | Found a basalt altar of Yredelemnul.
   265 | D        | Found a deep blue altar of Sif Muna.
   265 | D        | Found a viscous altar of Jiyva.
   266 | D        | Found a glowing silver altar of Zin.
   266 | D        | Found a bloodstained altar of Trog.
   266 | D        | Found an ancient bone altar of Kikubaaqudgha.
   267 | D        | Found a hide-covered altar of Uskayaw.
   267 | D        | Found a corrupted altar of Lugonu.
   267 | D        | Found a shadowy altar of Dithmenos.
   268 | D        | Found a radiant altar of Vehumet.
   268 | D        | Found a burning altar of Makhleb.
   268 | D        | Found a white marble altar of Elyvilon.
   269 | D        | Found a sparkling altar of Nemelex Xobeh.
   269 | D        | Found a blossoming altar of Fedhas.
   271 | D        | Found an iron altar of Okawaru.
   271 | D        | Found an opulent altar of Gozag.
   271 | D        | Found a hazy altar of Hepliaklqana.
   271 | D        | Found a snail-covered altar of Cheibriados.
   271 | D        | Noticed a hornet
   271 | D        | Noticed a polar bear
   271 | D        | Noticed a polar bear
   271 | D        | Noticed a polar bear
   272 | D        | Found a roughly hewn altar of Beogh.
   272 | D        | Noticed a yaktaur
   278 | D        | Became a worshipper of Makhleb the Destroyer
   301 | D        | Killed a polar bear
   308 | D        | Killed a polar bear
   308 | D        | Reached skill level 10 in Fighting
   309 | D        | Killed a polar bear
   309 | D        | Reached * piety under Makhleb
   315 | D        | Killed a hornet
   321 | D        | Killed a yaktaur
   321 | D        | Gained mutation: You passively map the area around you.
                  | [Deep Dwarf growth]
   321 | D        | Reached XP level 9. HP: 100/100 MP: 9/9
   346 | D        | Noticed a kraken
   570 | D        | Reached ** piety under Makhleb
   571 | D        | Reached skill level 5 in Shields
   579 | D        | Noticed a death drake
   581 | D        | Noticed a death drake
   629 | D        | Killed a death drake
   629 | D        | HP: 5/100 [poisoned by a death drake (dark miasma)]
   629 | D        | Killed from afar by a death drake

Skill      XL: |  1  2  3  4  5  6  7  8  9 |
---------------+----------------------------+-----
Axes           | 9 11 14 16 | 16.0
Fighting       | 8 12 | 12.7
Shields        | 9 |  9.0
Armour         | |  3.2

Action                   |  1- 3 |  4- 6 |  7- 9 || total
-------------------------+-------+-------+-------++-------
Melee: War axe           |    12 |    37 |    48 ||    97
       Hand axe          |       |       |    40 ||    40
 Abil: Heal Wounds       |       |     3 |    13 ||    16
  Use: Potion            |       |     3 |     4 ||     7
       Scroll            |       |       |    11 ||    11
 Stab: Distracted        |       |       |     2 ||     2
Armor: Scale mail        |    10 |    11 |     5 ||    26
       Skin              |       |       |    79 ||    79
       Plate armour      |       |       |    22 ||    22
Dodge: Dodged            |     8 |     6 |    22 ||    36
Block: Shield            |    17 |    15 |    61 ||    93
